 Dungeon Sprint DCSS version 0.18.1-48-g4cf74bf (webtiles) character file.

0 kosy22 the Insei (level 2, -1/21 HPs)
             Began as a Merfolk Transmuter on Aug 19, 2016.
             Slain by Crazy Yiuf
             ... wielding a +4 quarterstaff of chaos
              (11 damage)
             ... in the Dungeon (Sprint VI: "Thunderdome").
             The game lasted 00:00:33 (28 turns).

kosy22 the Insei (Merfolk Transmuter)                 Turns: 28, Time: 00:00:34

Health: -1/21      AC:  2    Str: 10    XL:     2   Next: 20%
Magic:  2/5        EV: 13    Int: 12    God:
Gold:   200        SH:  0    Dex: 14    Spells: 1 memorised, 5 levels left

rFire  . . .     SeeInvis .       - Unarmed
rCold  . . .     Gourm    .     b - +0 robe
rNeg   . . .     Faith    .     (no shield)
rPois  .         Spirit   .     (no helmet)
rElec  .         Dismiss  .     (no cloak)
rCorr  .         Reflect  .     (no gloves)
SustAt .         Harm     .     (no boots)
MR     .....     NoTele   +     (no amulet)
Stlth  +.........               (no ring)
                                (no ring)

@: appendage, not resistant to hostile enchantments, very unstealthy
A: change form in water, swift swim, horns 2
a: End Transformation


You were in the Dungeon.
You were not hungry.
You had grown temporary horns.
You visited 1 branch You collected 200 gold pieces.

Inventory:

Missiles
 a - 12 arrows
Armour
 b - a +0 robe (worn)
Wands
 k - a wand of acid (5/15)
 l - a wand of iceblast (5/15)
Scrolls
 j - 4 scrolls of blinking
 m - 3 scrolls of fog
Potions
 e - a potion of curing
 f - 4 potions of heal wounds
 g - 4 potions of haste
 h - 2 potions of magic
 i - a potion of berserk rage
 n - a potion of resistance
Books
 c - a book of Changes

   Spells                             Type                      Level
   a - Beastly Appendage              Transmutation                1
   b - Sticks to Snakes               Transmutation                2
   c - Spider Form                    Transmutation/Poison         3
   d - Ice Form                       Ice/Transmutation            4
   e - Blade Hands                    Transmutation                5
Comestibles
 d - a bread ration


   Skills:
 + Level 1.4 Fighting
 + Level 3.2 Dodging
 + Level 4.6 Unarmed Combat
 + Level 2.6 Spellcasting
 + Level 3.2 Transmutations


You had 5 spell levels left.
You knew the following spells:

 Your Spells              Type           Power        Failure   Level  Hunger
a - Beastly Appendage     Trmt           #.....       10%         1    #......


Dungeon Overview and Level Annotations

Branches:
Dungeon (1/1)

Altars:
Cheibriados
Dithmenos
Fedhas
Kikubaaqudgha
Makhleb
Pakellas
Qazlal
Ru
Trog
Yredelemnul
The Shining One
Lugonu

Shops:
D **[(!!!!

Annotations:
D Crazy Yiuf


Innate Abilities, Weirdness & Mutations

You revert to your normal form in water.
You are very nimble and swift while swimming.
You have a pair of horns on your head.


Message History

The gnoll hits you.
You hit the gnoll. You headbutt the gnoll.
The gnoll is severely wounded.
The gnoll hits you.
You hit the gnoll but do no damage.
The gnoll is severely wounded.
The gnoll closely misses you.
You hit the gnoll.
The gnoll is almost dead.
The gnoll hits you.
You hit the gnoll.
You kill the gnoll!
Your Dodging skill increases to level 3!
Your Unarmed Combat skill increases to level 4!
Your Transmutations skill increases to level 3!
You have reached level 2!
Crazy Yiuf grits, "Ghoul!
Leather tea pontify."
Crazy Yiuf hits you with a quarterstaff of chaos!
Ouch! That really hurt!
You die...

.... .... ..... ###.
.....### #⌠... ......⌠#
#.8.. .....8.######
...... #.....g___∩##
..8. #.8..†@....∩###
..###.............#
#...###..........⌠
#.<.# #..........⌠
#...###..........⌠
......###.............#
....8. #.8........∩###
......###......___∩##
#.8.........8.######


You could see Crazy Yiuf.

Vanquished Creatures
  A gnoll (D)
1 creature vanquished.

Notes
Turn   | Place    | Note
--------------------------------------------------------------
     0 | D        | kosy22 the Merfolk Transmuter began the quest for the Orb.
     0 | D        | Reached XP level 1. HP: 15/15 MP: 3/3
     2 | D        | Found a burning altar of Makhleb.
     2 | D        | Found an ancient bone altar of Kikubaaqudgha.
     3 | D        | Found a stormy altar of Qazlal.
     3 | D        | Found a sacrificial altar of Ru.
     4 | D        | Found a shadowy altar of Dithmenos.
     4 | D        | Found a bloodstained altar of Trog.
     5 | D        | Found a blossoming altar of Fedhas.
     5 | D        | Found a snail-covered altar of Cheibriados.
     5 | D        | Found Biul's Weapon Rack.
     5 | D        | Found Xuppadgh's Premium Goods.
     5 | D        | Round 1.
     6 | D        | Found Ehaext's Basic Armour.
     6 | D        | Found Yram's Miscellaneous Merchandise.
     8 | D        | Found an oddly glowing altar of Pakellas.
    10 | D        | Found Utoy's Do-It-Yourself Clinic.
    12 | D        | Found Sesommy's Bottled Wisdom.
    12 | D        | Found Doutyck's Distillery.
    15 | D        | Found a glowing golden altar of the Shining One.
    15 | D        | Found a basalt altar of Yredelemnul.
    15 | D        | Found a corrupted altar of Lugonu.
    15 | D        | Found Jovvimo's Distillery.
    22 | D        | Noticed Crazy Yiuf
    28 | D        | Reached skill level 4 in Unarmed Combat
    28 | D        | Reached XP level 2. HP: 10/21 MP: 2/5
    28 | D        | Slain by Crazy Yiuf

Skill      XL: |  1 |
---------------+----+-----
Dodging        | 3 |  3.2
Unarmed Combat | 4 |  4.6
Transmutations | 3 |  3.2
Fighting       | |  1.4
Spellcasting   | |  2.6

Action                   || total
-------------------------++-------
Melee: Unarmed           ||     4
       Headbutt          ||     1
 Cast: Beastly Appendage ||     1
Dodge: Dodged            ||     1
